 Dungeon Crawl Stone Soup version 0.31-a0-263-ge8cad7f256 (webtiles) character file.

Game seed: 9281868394147053464

51 qw the Shooter (level 3, 0/29 HPs)
             Began as a Minotaur Hexslinger on July 13, 2023.
             Slain by a gnoll
             ... wielding a +0 halberd
              (2 damage)
             ... on level 3 of the Dungeon.
             The game lasted 00:00:31 (1591 turns).

qw the Shooter (Minotaur Hexslinger)                Turns: 1591, Time: 00:00:32

Health: 0/29       AC:  7    Str: 12    XL:     3   Next: 57%
Magic:  3/3        EV: 11    Int: 10    God:
Gold:   136        SH:  5    Dex: 14    Spells: 3/4 levels left

rFire   . . .        Y - +2 sling
rCold   . . .        (no shield)
rNeg    . . .        l - +0 ring mail
rPois   .            (helmet restricted)
rElec   .            a - +1 cloak
rCorr   .            (no gloves)
SInv    .            (no boots)
Will    .....        g - amulet of reflection
Stlth   +            (no ring)
HPRegen 0.24/turn    (no ring)
MPRegen 0.08/turn

%: reflection
@: no status effects
A: horns 2, retaliatory headbutt
a: no special abilities


You were on level 3 of the Dungeon.
You visited 1 branch of the dungeon, and saw 3 of its levels.

You collected 136 gold pieces.


Innate Abilities, Weirdness & Mutations

You have a pair of horns on your head.
You reflexively headbutt those who attack you in melee.


   Skills:
 - Level 2.0 Fighting
 - Level 4.1 Ranged Weapons
 + Level 0.0 Armour
 - Level 2.1 Dodging
 - Level 1.0 Spellcasting
 - Level 2.0 Hexes


You had 3 spell levels left.
You knew the following spells:

 Your Spells              Type           Power      Damage    Failure   Level
a - Slow                  Hex            16%        N/A       34%         1

Your spell library contained the following spells:

 Spells                   Type           Power      Damage    Failure   Level
 Inner Flame              Hex/Fire       2%         N/A       83%         3
 Portal Projectile        Hex/Tloc       4%         N/A       83%         3
 Cause Fear               Hex            2%         N/A       98%         4

Inventory:

Hand Weapons
 Y - a +2 sling (weapon)
Armour
 a - a +1 cloak (worn)
 l - a +0 ring mail (worn)
Jewellery
 g - an amulet of reflection (around neck)
Scrolls
 b - a scroll of brand weapon {unknown}
 c - a scroll of identify
 d - 2 scrolls of teleportation
Potions
 h - a potion of ambrosia {unknown}

Dungeon Overview and Level Annotations

Branches:
Dungeon (3/15)

Altars:
Zin

Shops:
D:2 ((


Message History

You shoot a sling bullet. The sling bullet hits the gnoll!
You kill the gnoll!
You shoot a sling bullet.
The sling bullet closely misses the gnoll.
You shoot a sling bullet. The sling bullet hits the gnoll.
The gnoll is lightly wounded.
You shoot a sling bullet. The sling bullet hits the gnoll.
The gnoll is heavily wounded.
A goblin comes into view. It is wielding a +0 dagger.
You block the gnoll's attack. The gnoll misses you.
You shoot a sling bullet. The sling bullet hits the gnoll.
The gnoll is severely wounded.
The gnoll hits you from afar with a +0 halberd.
You shoot a sling bullet. The sling bullet hits the gnoll!
You kill the gnoll!
The gnoll hits you from afar with a +0 halberd.
Your Ranged Weapons skill increases to level 4!
You shoot a sling bullet. The sling bullet hits the gnoll.
The gnoll is moderately wounded.
The goblin completely misses you. The gnoll closely misses you.
A rat comes into view.
The gnoll misses you. The gnoll hits you with a +0 flail.
The goblin hits you with a +0 dagger.
The gnoll hits you from afar with a +0 halberd!
You shoot a sling bullet.
The sling bullet hits the gnoll but does no damage.
The gnoll is moderately wounded.
The goblin barely misses you. The gnoll barely misses you.
You furiously retaliate!
You headbutt the gnoll. You block the gnoll's attack.
You shoot a sling bullet. The sling bullet hits the gnoll.
The gnoll is almost dead.
The goblin hits you but does no damage. You block the gnoll's attack.
The gnoll hits you from afar with a +0 halberd.
You shoot a sling bullet.
The sling bullet barely misses the gnoll.
The goblin hits you but does no damage. The gnoll hits you with a +0 flail!
You block the gnoll's attack. The gnoll hits you with a +0 flail.
The goblin barely misses you.
The gnoll hits you from afar with a +0 halberd.
You die...

#......# ######.###.#
.....#.# #.# ###
.....#.# #.### #.#
.......###...###.######
......................#
........#######..####..
######..# ### #..# [#
##.##### #)@# .#
#...+_+..gg#
.######.###+###.g?
........# #....
.######.# #..... .#
#... ...)... .# #####
##.....# .# ......#
.########


You could see 2 gnolls and a goblin.

Vanquished Creatures
  2 gnolls (D:3)
  2 bats
  4 endoplasms (D:1)
  A giant cockroach (D:2)
  5 goblins
  3 hobgoblins
  3 quokkas
  4 ball pythons
  A frilled lizard (D:2)
  A kobold (D:2)
  4 rats (D:1)
30 creatures vanquished.

Notes
Turn   | Place    | Note
-------+----------+-------------------------------------------
     0 | D:1      | qw the Minotaur Hexslinger began the quest for the Orb.
     0 | D:1      | Reached XP level 1. HP: 16/16 MP: 1/1
     0 | D:1      | 0 ||| qw: Version: 0.3-a-52-g30416fa
     0 | D:1      | 0 ||| qw: Game counter: 7061
     0 | D:1      | 0 ||| qw: Melee chars always use a shield: true
     0 | D:1      | 0 ||| qw: God list: Okawaru
     0 | D:1      | 0 ||| qw: Allow faded altars: false
     0 | D:1      | 0 ||| qw: Do Orc after clearing Dungeon:15 true
     0 | D:1      | 0 ||| qw: Do second Lair branch before Depths: true
     0 | D:1      | 0 ||| qw: Lair rune preference: random
     0 | D:1      | 0 ||| qw: Goals: Normal
     0 | D:1      | 0 ||| PLANNING D:1-11
   407 | D:1      | HP: 4/16 [quokka (2)]
   410 | D:1      | Reached skill level 3 in Ranged Weapons
   410 | D:1      | Reached XP level 2. HP: 7/23 MP: 2/2
   959 | D:1      | 959 ||| UPGRADING to +0 ring mail.
   969 | D:1      | 969 ||| DROPPING +0 robe.
   970 | D:1      | 970 ||| UPGRADING to amulet of reflection.
   975 | D:1      | 975 ||| READING scroll labelled ZAANLI QOEW.
   976 | D:1      | 976 ||| READING scroll labelled BYAQ MODAO.
   977 | D:1      | 977 ||| READING scroll labelled MAOTUDARUI.
   978 | D:1      | 978 ||| READING scroll labelled TOSE YMYMUNA.
  1023 | D:1      | 1023 ||| READING scroll labelled VODENT VAWNAKU.
  1024 | D:1      | 1024 ||| READING scroll labelled PAEH YRHU NEAR.
  1028 | D:1      | 1028 ||| READING scroll labelled FAXZEHERUN.
  1029 | D:1      | 1029 ||| DROPPING scroll of poison.
  1156 | D:2      | Found Bixoiq's Antique Weapon Shop.
  1164 | D:2      | 1164 ||| SHOPLISTING glowing orcbow (182 gold, have 72).
  1164 | D:2      | 1164 ||| SHOPLISTING glowing shortbow (168 gold, have 72).
  1164 | D:2      | 1164 ||| SHOPLISTING scorched arbalest (266 gold, have 72).
  1412 | D:2      | Found Zezxohol's Antique Weapon Emporium.
  1424 | D:2      | 1424 ||| SHOPLISTING blackened sling (143 gold, have 90).
  1461 | D:2      | 1461 ||| UPGRADING to +1 cloak.
  1466 | D:2      | 1466 ||| READING scroll labelled ONEOCO IFEOTA.
  1467 | D:2      | 1467 ||| READING 2 scrolls labelled QATUOV MIBES.
  1468 | D:2      | 1468 ||| DROPPING scroll of revelation.
  1496 | D:3      | Reached XP level 3. HP: 29/29 MP: 3/3
  1547 | D:3      | Found a glowing silver altar of Zin.
  1588 | D:3      | Reached skill level 4 in Ranged Weapons
  1591 | D:3      | HP: 3/29 [gnoll/+0 flail (7)]
  1591 | D:3      | Slain by a gnoll

Levels and vault maps discovered:
D:1:      minmay_arrival_solitary_statue, layout_loops_corners
D:2:      layout_rooms, serial_shops, nicolae_shop_waterfront, shop
D:3:      layout_basic, lemuel_doored_altar, uniq_robin

Skill      XL: |  1  2  3 |
---------------+----------+-----
Ranged Weapons | 3 4 |  4.1
Fighting       | 2 |  2.0
Dodging        | |  2.1
Spellcasting   | |  1.0
Hexes          | |  2.0

Action                     || total
---------------------------++-------
   Fire: Sling             ||    97
    Use: Scroll            ||     9
 Armour: Robe              ||     6
         Ring mail         ||     5
  Dodge: Dodged            ||    22
  Block: Other             ||     8

Table legend:
 A = Non-vault XP
 B = Vault XP
 C = Vault XP percentage of total XP
 D = Non-vault monster count
 E = Vault monster count
 F = Vault count percentage of total count
                 A         B        C        D         E       F
            +---------+---------+-------+---------+---------+-------
      Total |      73 |       0 |   0.0 |      30 |       0 |   0.0
            +---------+---------+-------+---------+---------+-------
        D:1 |      27 |       0 |   0.0 |      17 |       0 |   0.0
        D:2 |      13 |       0 |   0.0 |       9 |       0 |   0.0
        D:3 |      33 |       0 |   0.0 |       4 |       0 |   0.0
            +---------+---------+-------+---------+---------+-------
